 Dungeon Crawl Stone Soup version 0.29-a0-284-gf9362112df (console) character file.

Game seed: 6774149114979231208

151327 petzl the Destroyer (level 17, -1/131 HPs)
             Began as a Formicid Arcane Marksman on Mar 16, 2022.
             Was a High Priest of Vehumet.
             Killed by an exploding ball lightning (4 damage)
             ... on level 13 of the Dungeon on Mar 19, 2022.
             The game lasted 05:23:08 (50674 turns).

petzl the Destroyer (Formicid Arcane Marksman)     Turns: 50674, Time: 05:23:09

Health: -1/131     AC: 11    Str: 16    XL:     17   Next: 85%
Magic:  16/33      EV: 13    Int: 18    God:    Vehumet [*****.]
Gold:   1618       SH: 10    Dex: 17    Spells: 6/41 levels left

rFire   . . .      SeeInvis +   b - +8 great mace {vorpal, rElec Will+ Str-2}
rCold   . . .      Faith    .   s - +0 buckler
rNeg    . . .      Spirit   .   Q - +0 troll leather armour
rPois   .          Reflect  +   (helmet unavailable)
rElec   +          Harm     .   g - +2 cloak
rCorr   .          Rampage  .   x - +0 pair of gloves
Will    ++...                   G - +2 pair of boots
Stlth   ++++......              z - amulet of reflection
HPRegen 1.11/turn               r - ring of flight
MPRegen 0.23/turn               t - +6 ring of dexterity

@: lethally poisoned (-1 -> -9), flying, studying Dodging
A: permanent stasis, dig shafts and tunnels, antennae 3, four strong arms
}: 1/15 runes: barnacled
a: Dig, Shaft Self, Renounce Religion


You were on level 13 of the Dungeon.
You worshipped Vehumet.
Vehumet was extremely pleased with you.
You visited 5 branches of the dungeon, and saw 26 of its levels.

You collected 3184 gold pieces.
You spent 1566 gold pieces at shops.

Inventory:

Hand Weapons
 a - the +7 arbalest of Xecsoar {venom, rElec rF- Str+3 Int+3}
   (You found it on level 6 of the Lair of Beasts)

   Any ammunition fired from it poisons the flesh of those it strikes.
   Str:       It affects your strength (+3).
   Int:       It affects your intelligence (+3).
   rF:        It makes you vulnerable to fire.
   rElec:     It insulates you from electricity.
 b - the +8 great mace of Callousness (weapon) {vorpal, rElec Will+ Str-2}
   (You took it off an ogre on level 3 of the Dungeon)

   It inflicts extra damage upon your enemies.
   Str:       It affects your strength (-2).
   rElec:     It insulates you from electricity.
   Will:      It increases your willpower.
 e - a +4 demon trident of venom
Missiles
 o - 15 silver javelins
 I - 18 poisoned darts
 T - 2 throwing nets
Armour
 g - a +2 cloak (worn)
 s - a +0 buckler (worn)
 x - a +0 pair of gloves (worn)
 G - a +2 pair of boots (worn)
 O - a +1 scale mail of willpower
 Q - a +0 troll leather armour (worn)
Jewellery
 k - a ring of protection from cold
 r - a ring of flight (left hand)
 t - a +6 ring of dexterity (right hand)
 z - an amulet of reflection (around neck)
 W - a ring of poison resistance
Wands
 c - a wand of charming (6)
 i - a wand of polymorph (10)
 C - a wand of acid (4)
 D - a wand of iceblast (3)
 U - a wand of digging (28)
 Z - a wand of flame (15)
Scrolls
 d - a scroll of amnesia
 w - 4 scrolls of summoning
 E - 5 scrolls of fog
 H - a scroll of magic mapping
 K - 3 scrolls of fear
 R - a scroll of holy word
Potions
 j - 2 potions of magic
 l - 4 potions of heal wounds
 m - 3 potions of ambrosia
 n - 3 potions of might
 p - 2 potions of cancellation
 u - 5 potions of brilliance
 v - 4 potions of lignification
 B - 5 potions of curing
 F - 2 potions of invisibility
 V - 2 potions of resistance
Miscellaneous
 X - a condenser vane (inert)


   Skills:
 - Level 11.5 Fighting
 - Level 4.0 Maces & Flails
 + Level 3.7 Crossbows
 - Level 3.0 Armour
 * Level 4.3 Dodging
 + Level 8.3 Stealth
 - Level 4.0 Shields
 + Level 12.9 Spellcasting
 + Level 14.6 Conjurations
 - Level 3.6 Hexes
 - Level 11.0 Translocations
 + Level 10.1 Fire Magic
 - Level 6.0 Ice Magic
 + Level 6.1 Air Magic
 - Level 3.0 Earth Magic
 - Level 3.0 Evocations


You had 6 spell levels left.
You knew the following spells:

 Your Spells              Type           Power      Damage    Failure   Level
a - Slow                  Hex            96%        N/A       1%          1
b - Iskenderun's Mystic   Conj/Tloc      55%        2d12      1%          4
c - Stone Arrow           Conj/Erth      86%        3d12      1%          3
d - Fireball              Conj/Fire      27%        3d12      1%          5
l - Freezing Cloud        Conj/Ice/Air   21%        6-21      1%          5
o - Orb of Destruction    Conj           29%        9d9       5%          7
p - Passage of Golubria   Tloc           51%        N/A       1%          4
C - Conjure Ball Lightni  Conj/Air       24%        3x3d7     5%          6

Your spell library contained the following spells:

 Spells                   Type           Power      Damage    Failure   Level
 Lightning Bolt           Conj/Air       24%        1d39      1%          5
 Foxfire                  Conj/Fire      100%       2x1d9     1%          1
 Ensorcelled Hibernation  Hex/Ice        58%        N/A       1%          2
 Poisonous Vapours        Pois/Air       44%        N/A       1%          2
 Frozen Ramparts          Ice            66%        1d8       1%          3
 Inner Flame              Hex/Fire       36%        N/A       1%          3
 Portal Projectile        Hex/Tloc       76%        N/A       1%          3
 Fulminant Prism          Conj/Hex       22%        3d13      1%          4
 Iskenderun's Battlesphe  Conj           59%        2d11      1%          5
 Corpse Rot               Necr/Air       44%        N/A       3%          2
 Confusing Touch          Hex            24%        N/A       6%          3
 Tukima's Dance           Hex            24%        N/A       6%          3
 Animate Skeleton         Necr           22%        N/A       9%          1
 Pain                     Necr           44%        1d6       9%          1
 Iron Shot                Conj/Erth      21%        9d5       10%         6
 Lee's Rapid Deconstruct  Erth           11%        3d9*      17%         5
 Cause Fear               Hex            12%        N/A       19%         4
 Leda's Liquefaction      Hex/Erth       11%        N/A       22%         4
 Spider Form              Tmut/Pois      11%        N/A       26%         3
 Vampiric Draining        Necr           11%        2d6       26%         3
 Ice Form                 Ice/Tmut       22%        N/A       26%         4
 Summon Ice Beast         Ice/Summ       22%        N/A       26%         4
 Yara's Violent Unravell  Hex/Tmut       9%         3d6       28%         5
 Metabolic Englaciation   Hex/Ice        14%        N/A       32%         5
 Anguish                  Hex/Necr       9%         N/A       38%         4
 Simulacrum               Ice/Necr       11%        N/A       98%         6
 Statue Form              Tmut/Erth      11%        N/A       100%        6
 Spellforged Servitor     Conj/Summ      18%        N/A       63%         7
 Discord                  Hex            12%        N/A       100%        8
 Polar Vortex             Ice            16%        N/A       100%        9


Dungeon Overview and Level Annotations

Branches:
Dungeon (13/15)            Temple (1/1) D:7            Lair (6/6) D:10
 Shoals (4/4) Lair:2       Spider (0/4) Lair:3        Slime (0/5) Lair:5
    Orc (2/2) D:12            Elf (0/3) Orc:2        Vaults (0/5) D:13

Altars:
Dithmenos
Elyvilon
Fedhas
Gozag
Kikubaaqudgha
Makhleb
Okawaru
Ru
Sif Muna
Trog
Uskayaw
Vehumet
Wu Jian
Xom
Zin
Beogh
Jiyva

Shops:
D:3 ?   Orc:2 [(*:   Shoals:1 =!****   Shoals:2 (

Portals:
Trove: D:10 (give +4 ice dragon scales)

Annotations:
D:12 exclusion: 2 downstairs
D:13 Nessos, Rupert


Innate Abilities, Weirdness & Mutations

You cannot be hasted, slowed, berserked, paralysed or teleported.
You can dig through walls and to a lower floor.
You have a pair of large antennae on your head. (SInv)
Your four strong arms can wield two-handed weapons with a shield.


Message History

Unknown command.
Unknown command.
Unknown command.
Unknown command.
Unknown command.
You feel very sick. You block Rupert's attack.
Rupert hits your ball lightning with a +2 vampiric battleaxe!!
Your ball lightning explodes!
The blast of lightning engulfs Rupert!
Rupert is heavily wounded.
The blast of lightning engulfs the human!
The human is heavily wounded.
The blast of lightning engulfs your ball lightning.
Your ball lightning completely resists.
The blast of lightning engulfs the human!
The human is severely wounded.
The blast of lightning engulfs you. You resist.
The blast of lightning engulfs your ball lightning.
Your ball lightning completely resists.
The blast of lightning engulfs the human!
The human is heavily wounded.
Your ball lightning explodes!
The blast of lightning engulfs your ball lightning.
Your ball lightning completely resists.
The blast of lightning engulfs you. You resist.
The blast of lightning engulfs Rupert!
Rupert is heavily wounded.
The meliai mumbles some strange prayers to its god against you.
Something smites you!
* * * LOW HITPOINT WARNING * * *
Nessos shoots an arrow.
The arrow barely misses you.
The meliai calls down the wrath of its god upon you.
Something smites you!
* * * LOW HITPOINT WARNING * * *
Rupert hits you with a +2 vampiric battleaxe!!
* * * LOW HITPOINT WARNING * * *
Rupert draws strength from your wounds!
Your ball lightning explodes!
The blast of lightning engulfs you. You resist.
You die...

..#o ##########..y.
#...........#
#.........>.#
+..☼........#
#...........#.
#....†......y.
#..cpQ<.....#
#......†....#
#?....p......#
#..p.........# .##
#...y..........
..####.y....y..##.#.
#....c...p.)...# .#
#......p.p.....# #
#.............
..#.....p.......
.......)@p......
#.....@∩.....#
#.(...><.....#
#............#
#............#
#............#
#............#
#............#
##############


You could see Rupert (fast), Nessos, 5 humans and 3 meliai.

Vanquished Creatures
  Mlioglotl (Shoals:1)
  Frances (Lair:2)
  A kraken (Shoals:3)
  A storm dragon (Shoals:4)
  Kirke (Shoals:1)
  The ghost of PaleWalker the Warrior, an adept MfGl of Dithmenos (Shoals:2)
  Louise (Shoals:1)
  A dire elephant (Lair:6)
  The ghost of Devyomi the Protected, a journeyman GrBe of Trog (Lair:5)
  5 merfolk javelineers (Shoals:4)
  8 merfolk impalers
  A great orb of eyes (D:12)
  Erolcha (D:10)
  A rakshasa (D:11)
  A catoblepas (Lair:4)
  A boulder beetle (D:12)
  An ogre mage (D:11)
  8 hydras
  3 centaur warriors
  2 merfolk aquamancers
  A death knight (D:9)
  2 satyrs (Shoals:3)
  A tengu warrior (D:12)
  11 two-headed ogres
  15 death yaks
  Urug (D:12)
  An orc high priest (Orc:2)
  3 spectral death yaks (Lair:6)
  A spectral anaconda (Lair:6)
  Lodul (D:10)
  3 necromancers (Lair:6)
  2 obsidian statues
  4 sea snakes
  Pikel (D:5)
  10 harpies
  An orc knight (Orc:2)
  A deep elf pyromancer (D:13)
  4 orc sorcerers (Orc:2)
  2 ugly things
  14 manticores
  2 cyclopes
  7 fauns
  A moth of wrath (Lair:5)
  17 elephants
  12 merfolk sirens
  7 black mambas
  2 dire elephant zombies (Lair:6)
  A dire elephant skeleton (Lair:6)
  A gargoyle (D:12)
  4 water nymphs (Shoals:4)
  12 komodo dragons
  15 cane toads
  2 kobold demonologists
  7 rime drakes
  An unseen horror (D:10)
  26 merfolk
  2 polar bears
  4 trolls
  A burning bush (Lair:3)
  10 wind drakes
  3 hornets
  18 blink frogs
  10 snapping turtles
  6 slime creatures
  9 dream sheep
  Sigmund (D:3)
  A spectral elephant (Lair:6)
  A jumping spider (Lair:3)
  4 spriggans (Lair:5)
  A vampire (D:12)
  7 air elementals (Shoals:4)
  12 humans
  6 wyverns
  18 water elementals
  42 yaks
  2 wraiths
  8 basilisks
  2 spectral cane toads (Lair:6)
  2 wargs (Orc:2)
  A death yak simulacrum (Lair:6)
  2 steam dragons
  A hell hound (Lair:5)
  8 water moccasins
  2 ice beasts (D:5)
  20 orc warriors
  2 elephant zombies (Lair:6)
  3 black bears
  The ghost of Cecur the Skirmisher, an amateur FoFi (D:3)
  11 ogres
  7 wolves
  4 centaurs
  An elephant skeleton (Lair:6)
  A phantom (D:5)
  A lemure (D:5)
  2 kobold brigands (D:12)
  A gnoll sergeant (D:8)
  11 bullfrogs
  A necrophage (D:4)
  2 cane toad simulacra (Lair:6)
  4 scorpions
  8 wights
  5 elephant simulacra (Lair:6)
  An electric eel (Lair:2)
  5 howler monkeys (D:8)
  4 hounds
  3 jellies (Lair:5)
  27 orc priests
  Natasha (thrice) (D:4)
  2 iguanas (D:6)
  31 orc wizards
  11 hell rats
  7 gnolls
  5 adders
  15 river rats (Lair:1)
  An ufetubus (D:5)
  2 worms (D:5)
  A dart slug (D:1)
  60 orcs
  5 bats
  9 endoplasms
  4 giant cockroaches
  6 goblins
  10 hobgoblins
  7 jackals (D:1)
  9 kobolds
  11 quokkas
  7 ball pythons
  A frilled lizard (D:2)
  17 rats
  3 bushes
  2 tentacles (Shoals:3)
775 creatures vanquished.

Vanquished Creatures (collateral kills)
  2 yaks (Lair:4)
  2 wolves (Lair:4)
4 creatures vanquished.

Vanquished Creatures (others)
  33 ball lightnings
  4 foxfires
  80 fungi
  140 plants
  10 tentacles (Shoals:3)
  45 withered plants (Lair:6)
312 creatures vanquished.

Grand Total: 1091 creatures vanquished

Notes
Turn   | Place    | Note
-------+----------+-------------------------------------------
     0 | D:1      | petzl the Formicid Arcane Marksman began the quest for the
                  | Orb.
     0 | D:1      | Reached XP level 1. HP: 15/15 MP: 2/2
    56 | D:1      | Reached XP level 2. HP: 21/21 MP: 3/3
   283 | D:1      | Found a faded altar of an unknown god.
   488 | D:1      | Reached skill level 1 in Stealth
   488 | D:1      | Reached XP level 3. HP: 26/26 MP: 5/5
   616 | D:1      | Reached skill level 1 in Armour
  1436 | D:2      | Reached XP level 4. HP: 33/33 MP: 6/6
  2057 | D:2      | Reached XP level 5. HP: 36/38 MP: 4/8
  2271 | D:3      | Found Feem's Magic Scroll Emporium.
  2281 | D:3      | Bought a scroll of identify for 20 gold pieces
  2281 | D:3      | Bought a scroll of fear for 35 gold pieces
  2619 | D:3      | Found a transporter.
  2622 | D:3      | Noticed Cecur's ghost (amateur FoFi)
  2661 | D:3      | Learned a level 4 spell: Passage of Golubria
  2911 | D:3      | Identified the +8 great mace of Callousness {vorpal, rElec
                  | Will+ Str-2}
  2911 | D:3      | Noticed an ogre
  2917 | D:3      | Found a transporter.
  2966 | D:3      | Noticed Sigmund
  2975 | D:3      | You are sucked into a shaft and drop 3 floors!
  3434 | D:5      | Entered Level 5 of the Dungeon
  3529 | D:4      | Noticed a phantom
  3548 | D:5      | Killed a phantom
  3549 | D:5      | Reached skill level 1 in Translocations
  3549 | D:5      | Reached XP level 6. HP: 35/46 MP: 9/9
  3838 | D:4      | Noticed Natasha
  3858 | D:4      | Killed Natasha
  4221 | D:3      | Bought a scroll of summoning for 95 gold pieces
  4435 | D:4      | Reached skill level 1 in Evocations
  4538 | D:4      | Noticed an ogre
  4995 | D:4      | Reached XP level 7. HP: 51/51 MP: 6/11
  5398 | D:4      | Noticed Natasha
  5404 | D:4      | Killed Natasha
  5580 | D:4      | Noticed Natasha
  5589 | D:4      | Killed Natasha
  6466 | D:5      | You are sucked into a shaft and drop 2 floors!
  6528 | D:8      | Noticed a centaur warrior
  6540 | D:8      | Killed a centaur warrior
  6541 | D:8      | Reached XP level 8. HP: 32/58 MP: 11/14
  6785 | D:6      | You are sucked into a shaft and drop 2 floors!
  7345 | D:7      | Reached skill level 5 in Translocations
  7613 | D:7      | Reached XP level 9. HP: 58/61 MP: 11/15
  7695 | D:8      | You are sucked into a shaft and drop 2 floors!
  7695 | D:10     | Entered Level 10 of the Dungeon
  8009 | D:9      | Noticed a hornet
  8025 | D:9      | Killed a hornet
  8026 | D:9      | Reached skill level 5 in Spellcasting
  8069 | D:9      | Noticed a two-headed ogre
  8448 | D:8      | Noticed a hornet
  8460 | D:8      | Killed a hornet
  9629 | D:8      | Reached XP level 10. HP: 70/70 MP: 18/20
  9712 | D:7      | Found a staircase to the Ecumenical Temple.
  9723 | Temple   | Entered the Ecumenical Temple
  9778 | Temple   | Became a worshipper of Vehumet
 10200 | D:5      | Learned a level 4 spell: Iskenderun's Mystic Blast
 10459 | D:5      | Reached skill level 1 in Conjurations
 10846 | D:5      | Reached skill level 2 in Conjurations
 11133 | D:6      | Noticed Pikel
 11163 | D:5      | Killed Pikel
 11164 | D:5      | Reached skill level 3 in Conjurations
 11369 | D:6      | Reached skill level 4 in Conjurations
 12199 | D:7      | Found an ancient bone altar of Kikubaaqudgha.
 12224 | D:7      | Found a shadowy altar of Dithmenos.
 12227 | D:7      | Found a burning altar of Makhleb.
 12240 | D:7      | Found a shimmering blue altar of Sif Muna.
 12276 | D:7      | Identified the +4 spear of Circularity {vorpal, Fragile rC+
                  | rCorr Int+6}
 12663 | D:9      | Noticed a death knight
 12888 | D:9      | Reached skill level 5 in Conjurations
 12940 | D:9      | Killed a two-headed ogre
 13581 | D:10     | Reached XP level 11. HP: 65/77 MP: 23/23
 13664 | D:10     | Noticed a two-headed ogre
 13665 | D:10     | Noticed a two-headed ogre
 13728 | D:10     | Killed a two-headed ogre
 13728 | D:10     | Reached * piety under Vehumet
 13728 | D:10     | Offered knowledge of Foxfire by Vehumet.
 13729 | D:10     | Reached skill level 5 in Stealth
 13731 | D:10     | Learned a level 1 spell: Foxfire
 13786 | D:10     | Noticed a two-headed ogre
 13789 | D:10     | Noticed a two-headed ogre
 14009 | D:10     | Killed a two-headed ogre
 14010 | D:10     | Noticed a two-headed ogre
 14011 | D:10     | Noticed a two-headed ogre
 14021 | D:10     | You are sucked into a shaft and drop 1 floor!
 14021 | D:11     | Noticed a manticore
 14263 | D:11     | Reached skill level 5 in Fighting
 14286 | D:11     | Killed a manticore
 14453 | D:12     | Learned a level 5 spell: Fireball
 14577 | D:11     | Reached skill level 1 in Fire Magic
 14774 | D:11     | Noticed a rakshasa
 14774 | D:11     | Noticed a centaur warrior
 15262 | D:10     | Found a staircase to the Lair.
 15299 | D:10     | Noticed a two-headed ogre
 15698 | D:3      | You are sucked into a shaft and drop 1 floor!
 15933 | D:3      | Killed Sigmund
 15999 | D:3      | Killed Cecur's ghost
 16212 | D:3      | Bought 3 scrolls of summoning for 285 gold pieces
 16528 | D:10     | Noticed Lodul
 16851 | D:9      | You are sucked into a shaft and drop 2 floors!
 17139 | D:11     | Noticed a green ugly thing
 17582 | D:11     | Noticed a two-headed ogre
 17583 | D:11     | Noticed a two-headed ogre
 17584 | D:11     | Noticed an ogre mage
 17612 | D:11     | Noticed a two-headed ogre
 17622 | D:11     | Killed a two-headed ogre
 17623 | D:11     | Reached skill level 6 in Conjurations
 17623 | D:11     | Killed an ogre mage
 17788 | D:10     | Reached XP level 12. HP: 82/86 MP: 24/24
 18020 | D:10     | Found a portal to a secret trove of treasure.
 18082 | D:10     | Noticed Erolcha
 18291 | D:10     | Killed a two-headed ogre
 18339 | D:10     | Killed Lodul
 18379 | D:10     | Killed a two-headed ogre
 18380 | D:10     | Reached skill level 7 in Conjurations
 18380 | D:10     | Reached skill level 5 in Fire Magic
 18463 | D:10     | Killed Erolcha
 18499 | D:10     | Killed a two-headed ogre
 18500 | D:10     | Reached skill level 8 in Conjurations
 18574 | D:10     | Killed a two-headed ogre
 18794 | D:12     | Reached ** piety under Vehumet
 18911 | D:11     | Killed a two-headed ogre
 18912 | D:11     | Reached skill level 9 in Conjurations
 19059 | D:11     | Killed a two-headed ogre
 19059 | D:11     | Offered knowledge of Scorch by Vehumet.
 19277 | D:12     | Noticed a great orb of eyes
 19367 | D:13     | Noticed Nessos
 19367 | D:13     | Noticed Urug
 19367 | D:13     | Noticed Rupert
 19367 | D:13     | Found a gate to the Vaults.
 19471 | D:12     | Got the Catalogue of the Snowflakes
 19660 | D:13     | Noticed a tengu warrior
 19662 | D:13     | Noticed a six-headed hydra
 19761 | D:12     | Noticed a boulder beetle
 20123 | D:11     | a centaur warrior changed into a polar bear
 20380 | D:11     | Killed a rakshasa
 20727 | Lair:1   | Entered Level 1 of the Lair of Beasts
 20798 | Lair:1   | Reached XP level 13. HP: 92/92 MP: 12/26
 20882 | Lair:1   | Noticed a four-headed hydra
 20889 | Lair:1   | Killed a four-headed hydra
 21415 | Lair:2   | Found a gate leading to a gauntlet.
 21530 | Lair:1   | Noticed a seven-headed hydra
 21538 | Lair:1   | Killed a seven-headed hydra
 21539 | Lair:1   | Reached skill level 1 in Maces & Flails
 22267 | Lair:1   | Offered knowledge of Stone Arrow by Vehumet.
 22296 | Lair:1   | Reached *** piety under Vehumet
 22303 | Lair:1   | Learned a level 3 spell: Stone Arrow
 22662 | Lair:1   | You are sucked into a shaft and drop 1 floor!
 22814 | Lair:3   | Noticed a four-headed hydra
 22976 | Lair:2   | Reached skill level 1 in Earth Magic
 23109 | Lair:2   | Reached skill level 10 in Conjurations
 23633 | Lair:3   | Noticed a five-headed hydra
 23984 | Lair:3   | Killed a five-headed hydra
 24386 | Lair:4   | Noticed a seven-headed hydra
 24393 | Lair:4   | Killed a seven-headed hydra
 24397 | Lair:4   | Offered knowledge of Hailstorm by Vehumet.
 24600 | Lair:3   | Killed a four-headed hydra
 25164 | Lair:5   | Noticed a five-headed hydra
 25172 | Lair:5   | Killed a five-headed hydra
 25564 | Lair:4   | Noticed a catoblepas
 25698 | Lair:3   | Reached **** piety under Vehumet
 25739 | Lair:3   | Found a hole to the Spider Nest.
 26529 | Lair:4   | Reached skill level 10 in Spellcasting
 26529 | Lair:4   | Reached XP level 14. HP: 103/103 MP: 12/28
 26919 | Lair:4   | Learned a level 7 spell: Orb of Destruction
 27399 | Lair:4   | Reached skill level 10 in Translocations
 27618 | Lair:6   | Entered Level 6 of the Lair of Beasts
 27759 | Lair:5   | Reached skill level 11 in Conjurations
 28036 | Lair:4   | Offered knowledge of Airstrike by Vehumet.
 29243 | Lair:5   | Found a runed translucent door.
 29244 | Lair:5   | Found a viscous altar of Jiyva.
 29246 | Lair:5   | Found a staircase to the Slime Pits.
 30049 | Lair:5   | Noticed Devyomi's ghost (journeyman GrBe)
 30054 | Lair:5   | Found a transporter.
 30076 | Lair:5   | Found a transporter.
 30088 | Lair:5   | Found a bloodstained altar of Trog.
 31523 | Lair:6   | Reached skill level 12 in Conjurations
 31755 | Lair:6   | Reached XP level 15. HP: 112/112 MP: 15/29
 33637 | Lair:6   | Learned a level 5 spell: Freezing Cloud
 33680 | Lair:6   | Reached skill level 1 in Ice Magic
 33792 | Lair:6   | Reached skill level 1 in Air Magic
 34499 | Lair:6   | Reached ***** piety under Vehumet
 34634 | Lair:6   | Offered knowledge of Flame Wave by Vehumet.
 35827 | Lair:6   | Identified the +7 arbalest of Xecsoar {venom, rElec rF-
                  | Str+3 Int+3}
 36346 | Lair:5   | You are sucked into a shaft and drop 1 floor!
 36513 | Lair:5   | You are sucked into a shaft and drop 1 floor!
 36644 | Lair:5   | Reached skill level 5 in Ice Magic
 36807 | Lair:5   | Killed Devyomi's ghost
 37496 | Lair:2   | Found a staircase to the Shoals.
 37502 | Shoals:1 | Entered Level 1 of the Shoals
 37502 | Shoals:1 | Noticed Louise
 37502 | Shoals:1 | Found Honer's General Store.
 37525 | Shoals:1 | Killed Louise
 37648 | Shoals:1 | Reached skill level 1 in Shields
 37679 | Shoals:1 | Noticed Frances
 37808 | Lair:2   | You are sucked into a shaft and drop 2 floors!
 38032 | Lair:2   | Killed Frances
 38115 | Shoals:1 | Found Ammaosel's Distillery.
 38120 | Shoals:1 | Bought a potion of heal wounds for 100 gold pieces
 38223 | Shoals:1 | Reached XP level 16. HP: 120/120 MP: 23/31
 38230 | Shoals:1 | Found Agacem's Assorted Antiques.
 38239 | Shoals:1 | Bought a faintly glowing leather armour for 231 gold pieces
 38239 | Shoals:1 | Identified the +4 leather armour of Caxtimus {-Cast +Inv
                  | rCorr SInv} (You bought it in a shop on level 1 of the
                  | Shoals)
 38263 | Shoals:1 | Found a runed translucent gate.
 38263 | Shoals:1 | Found a runed translucent gate.
 38263 | Shoals:1 | Found a runed translucent gate.
 38265 | Shoals:1 | Found an opulent altar of Gozag.
 38265 | Shoals:1 | Found Xauteisec's Assorted Antiques.
 38268 | Shoals:1 | Noticed PaleWalker's ghost (adept MfGl)
 38301 | Shoals:1 | Noticed Mlioglotl
 38307 | Shoals:1 | You are sucked into a shaft and drop 1 floor!
 39231 | Shoals:1 | Reached skill level 10 in Fighting
 39597 | Shoals:1 | Killed Mlioglotl
 39732 | Shoals:1 | Found Umietz's Jewellery Emporium.
 39734 | Shoals:1 | Noticed Kirke
 39742 | Shoals:1 | Killed Kirke
 40137 | Shoals:1 | Found Quddo Lorch's Assorted Antiques.
 40168 | Shoals:2 | Reached skill level 13 in Conjurations
 40446 | Shoals:2 | Found Peuskamn's Weapon Boutique.
 41988 | Shoals:4 | Entered Level 4 of the Shoals
 42551 | Shoals:3 | Noticed a kraken
 42771 | Shoals:4 | Found a blossoming altar of Fedhas.
 43144 | Shoals:3 | Offered knowledge of Ozocubu's Refrigeration by Vehumet.
 43476 | Shoals:3 | Killed a kraken
 43878 | Shoals:4 | Reached XP level 17. HP: 130/130 MP: 26/33
 44295 | Shoals:4 | Reached skill level 14 in Conjurations
 44666 | Shoals:4 | Found the +2 hood of the Assassin {Detection Stab+ Stlth++}
 45335 | Shoals:4 | Noticed a storm dragon
 45343 | Shoals:4 | Killed a storm dragon
 45618 | Shoals:4 | Got a barnacled rune of Zot
 45655 | Shoals:4 | Reached skill level 10 in Fire Magic
 46382 | Shoals:2 | Killed PaleWalker's ghost
 47178 | D:12     | Learned a level 6 spell: Conjure Ball Lightning
 47609 | D:12     | Found a sacrificial altar of Ru.
 47779 | D:12     | Found a staircase to the Orcish Mines.
 47784 | D:12     | Reached skill level 5 in Air Magic
 47975 | Orc:1    | Entered Level 1 of the Orcish Mines
 48227 | Orc:2    | Entered Level 2 of the Orcish Mines
 48227 | Orc:2    | Found a staircase to the Elven Halls.
 48360 | Orc:2    | Offered knowledge of Lightning Bolt by Vehumet.
 48583 | Orc:2    | Found Sisuvuzu's Weapon Emporium.
 48583 | Orc:2    | Found Weh Vaf's Armour Emporium.
 48583 | Orc:2    | Found Larghibe's General Store.
 48601 | Orc:2    | Found Gepilim's Book Shoppe.
 48633 | Orc:2    | Bought a manual of Dodging for 800 gold pieces
 50604 | D:12     | Killed Urug
 50674 | D:13     | HP: 3/131 [Rupert/+2 vampiric battleaxe (25)]
 50674 | D:13     | Killed by an exploding ball lightning

Illustrated notes

Levels and vault maps discovered:
D:1:      elethiomel_arrival_shortcut, layout_loops_cross,
          chequers_ecumenical_altar_simple_redux
D:2:      layout_loops_ring
D:3:      layout_rooms, gammafunk_ghost_smash, serial_shops,
          nicolae_shop_statue_plus, uniq_sigmund
D:4:      layout_loops_corners, uniq_natasha
D:5:      layout_gridville, cheibrodos_sewer_entry_drain
D:6:      layout_loops_corners, uniq_pikel
D:7:      layout_basic, grunt_temple_overflow_cloverleaf,
          minmay_temple_entry_purple_smoke, minmay_stone_trees_medium
D:8:      layout_basic
D:9:      layout_loops_ring, lightli_orcish_oven
D:10:     layout_rooms, lair_entry_dummy, nicolae_trove_entry_diagonal,
          uniq_erolcha, uniq_lodul
D:11:     layout_long_grid
D:12:     layout_roguey, minmay_orc_entry_temple_small,
          nicolae_ru_the_path_less_chosen
D:13:     minmay_the_grid_square_5x5_4x4_mashed
          [minmay_the_grid_square_5x5_n_small, minmay_the_grid_square_5x5_n,
          minmay_the_grid_square_5x5_longway,
          minmay_the_grid_square_5x5_two_walls_a,
          minmay_the_grid_square_5x5_one_wall,
          minmay_the_grid_square_5x5_prize_waves,
          minmay_the_grid_square_5x5_prize_pseudospiral,
          minmay_the_grid_square_5x5_empty,
          minmay_the_grid_square_5x5_eight_small,
          minmay_the_grid_square_5x5_prize_gold,
          minmay_the_grid_square_5x5_prize_monsterx,
          minmay_the_grid_square_5x5_broken_cross,
          minmay_the_grid_square_5x5_three_small,
          minmay_the_grid_square_5x5_bite, minmay_the_grid_square_5x5_forky,
          minmay_the_grid_square_5x5_hourglass], layout_small_grid,
          david_vaults_3, st_stairs_2, zin_treasury
Temple:   hc_temple_tempest_star
Lair:1:   lemuel_ratsnest, layout_cave_pods, evilmike_ambush
          [evilmike_ambush_outer_basic, evilmike_ambush_inner_cross]
Lair:2:   layout_layer_cave, elwin_shoals_entry_rooms, gauntlet_entry_generic,
          grunt_megastairs_3
Lair:3:   layout_regular_city, spider_nest_entry_rubble, enter_volcano_2,
          evilmike_ambush [evilmike_ambush_outer_corners,
          evilmike_ambush_inner_cross], grunt_megastairs_5
Lair:4:   layout_loops_ring, nicolae_lair_yak_garden
Lair:5:   layout_gridlike, slime_altar_2, special_room
          [special_room_mythical_zoo], gammafunk_ghost_wrathful_warriors,
          grunt_megastairs_4, serial_bayou_shore_b
Lair:6:   due_jungle_book, layout_gridlike
Shoals:1: layout_shoals, ebering_ghost_gozag, serial_shops,
          nicolae_shop_hallway_stairs, nicolae_shop_stone,
          nicolae_shop_hallway_plus, nicolae_diamond_shop, uniq_mlioglotl,
          uniq_frances, uniq_kirke, uniq_louise
Shoals:2: layout_shoals, serial_shops, shop_coins
Shoals:3: layout_shoals, nicolae_shoals_cliffside_cave
Shoals:4: shoals_end_hellmonk_storm_palace [storm_palace_center_square,
          storm_palace_corner_altar, storm_palace_corner_pillars,
          storm_palace_corner_blocked, storm_palace_corner_reverse_hut]
Orc:1:    nicolae_orc_accident_1, layout_caves, mines1_david
Orc:2:    st_orc_mages, layout_caves, basic_altar

Skill      XL: |  1  2  3  4  5  6  7  8  9 10 11 12 13 14 15 16 17 |
---------------+----------------------------------------------------+-----
Dodging        | 2 3 4 |  4.3
Stealth        | 1 2 3 4 7 8 |  8.3
Armour         | 1 2 3 |  3.0
Fighting       | 2 3 4 5 7 8 9 10 11 | 11.5
Spellcasting   | 2 4 6 8 9 10 11 12 | 12.9
Translocations | 1 4 5 7 8 9 10 11 | 11.0
Crossbows      | 3 |  3.7
Evocations     | 1 3 |  3.0
Conjurations   | 5 6 9 10 12 13 14 | 14.6
Fire Magic     | 4 6 8 9 10 | 10.1
Maces & Flails | 2 3 4 |  4.0
Earth Magic    | 3 |  3.0
Ice Magic      | 6 |  6.0
Air Magic      | 4 6 |  6.1
Shields        | 3 4 |  4.0
Hexes          | |  3.6

Action                   |  1- 3 |  4- 6 |  7- 9 | 10-12 | 13-15 | 16-18 || total
-------------------------+-------+-------+-------+-------+-------+-------++-------
Melee: Rapier            |       |    83 |    58 |     2 |       |       ||   143
       Punch             |       |     1 |       |     5 |     7 |       ||    13
       Whip              |       |       |    65 |   326 |    12 |       ||   403
       Flail             |       |       |     9 |     7 |       |       ||    16
       Quarterstaff      |       |       |     6 |    58 |       |       ||    64
       Great mace        |       |       |       |     6 |   343 |    47 ||   396
 Fire: Hand crossbow     |    90 |   179 |   128 |   216 |    96 |   162 ||   871
       Arbalest          |       |       |       |       |       |   136 ||   136
Throw: Dart              |       |       |     4 |     1 |       |       ||     5
       Throwing net      |       |       |       |       |     1 |       ||     1
 Cast: Slow              |     5 |    41 |    78 |   206 |     2 |       ||   332
       Iskenderun's Myst |       |       |       |    23 |    71 |    50 ||   144
       Passage of Golubr |       |       |       |    13 |    12 |     8 ||    33
       Fireball          |       |       |       |    29 |   367 |    63 ||   459
       Foxfire           |       |       |       |     2 |     1 |       ||     3
       Stone Arrow       |       |       |       |       |    54 |    10 ||    64
       Orb of Destructio |       |       |       |       |    15 |    67 ||    82
       Freezing Cloud    |       |       |       |       |    16 |   153 ||   169
       Conjure Ball Ligh |       |       |       |       |       |    13 ||    13
 Abil: Shaft Self        |       |     1 |     3 |     3 |     4 |     1 ||    12
       Dig               |       |     1 |     3 |     6 |     7 |     4 ||    21
Evoke: Wand              |       |    11 |     3 |    31 |     9 |     5 ||    59
       Condenser vane    |       |       |       |       |       |     1 ||     1
  Use: Scroll            |       |     3 |     3 |     6 |    14 |     3 ||    29
       Potion            |       |       |     3 |     3 |     4 |     1 ||    11
 Stab: Paralysed         |       |     7 |       |       |       |       ||     7
       Sleeping          |       |       |       |     2 |       |       ||     2
Armor: Robe              |    10 |       |       |       |       |       ||    10
       Ring mail         |     7 |    43 |    47 |   108 |       |       ||   205
       Skin              |       |       |     4 |       |       |       ||     4
       Troll leather arm |       |       |       |    52 |   232 |    57 ||   341
Dodge: Dodged            |    55 |    95 |    74 |   238 |   384 |   127 ||   973
Block: Other             |       |     6 |    31 |   102 |   161 |       ||   300
       Reflection        |       |       |     6 |     6 |     4 |    32 ||    48
       Buckler           |       |       |       |       |     4 |   137 ||   141

Table legend: (Time is in decaauts)
 A = Elapsed time spent in this place.
 B = Non-inter-level travel time spent in this place.
 C = Inter-level travel time spent in this place.
 D = Time resting spent in this place.
 E = Time spent auto-exploring this place.
 F = Levels seen in this place.
 G = Mean time per level.
                   A        B        C        D        E       F      G
               +--------+--------+--------+--------+--------+-----+--------+
         Total |  51455 |  47507 |   3948 |  20712 |  10428 |  26 | 1979.0 |
       Dungeon |  22762 |  20750 |   2012 |   7839 |   4486 |  13 | 1750.9 |
        Temple |     68 |     55 |     13 |      0 |     40 |   1 |   68.0 |
          Lair |  17821 |  16466 |   1355 |   8356 |   3313 |   6 | 2970.2 |
        Shoals |   8606 |   8154 |    452 |   4034 |   1565 |   4 | 2151.5 |
  Orcish Mines |   2196 |   2081 |    115 |    481 |   1024 |   2 | 1098.0 |
               +--------+--------+--------+--------+--------+-----+--------+

Top non-repeatable levels by time:
  Lair:5: 5002 daAuts
  Lair:6: 4108 daAuts
    D:11: 3261 daAuts
  Lair:4: 2891 daAuts
Shoals:4: 2798 daAuts
  Lair:2: 2715 daAuts
     D:9: 2356 daAuts
Shoals:2: 2147 daAuts
    D:10: 2135 daAuts
     D:8: 2080 daAuts
     D:4: 2046 daAuts
     D:5: 2036 daAuts
Shoals:3: 1898 daAuts
     D:7: 1871 daAuts
    D:12: 1861 daAuts
